Map: [ESL] Data-C

Players

Rex

  • Race: Zerg Zerg
  • League: Master
  • Spawn Location: 9:00

Creator - Winner!

  • Race: Protoss Protoss
  • Spawn Location: 3:00

Event: TSL 9

VOD

Have the link to the VOD?

Description

Time

  • Played on: July 30, 2022, 6:25 a.m.
  • Length: 16:35

All games in this series

Show
View Real Time Build Order
Export as new Build Order

Rex Zerg 

Build Orders: Hatch First 

Get SALT Encoding   

  12  0:00  Drone  
  13  0:12  Overlord  
  13  0:17  Drone  
  14  0:30  Drone  
  14  0:31  Drone  
  16  0:49  Hatchery  
  15  0:51  Drone  
  15  0:55  Drone  
  17  0:59  Drone  
  18  1:10  Extractor  
  17  1:14  Spawning Pool  
  17  1:17  Drone  
  17  1:21  Drone  
  18  1:28  Drone  
  19  1:39  Drone  
  20  1:51  Overlord  
  20  2:01  Queen  
  20  2:02  Queen  
  20  2:03  Zergling x4  
  26  2:12  Metabolic Boost  
  26  2:14  Drone  
  27  2:16  Drone  
  28  2:23  Drone x2  
  30  2:38  Hatchery  
  30  2:41  Drone  
  30  2:43  Drone  
  31  2:49  Queen  
  33  2:54  Overlord  
  33  2:56  Drone  
  34  2:59  Drone  
  34  3:02  Drone  
  36  3:05  Overlord  
  36  3:13  Drone x4  
  36  3:18  Queen  
  42  3:23  Spore Crawler  
  42  3:25  Drone  
  42  3:30  Drone x2  
  42  3:33  Queen  
  46  3:39  Overlord  
  46  3:40  Overlord  
  46  3:54  Drone x4  
  50  3:58  Drone  
  50  4:00  Drone x4, Evolution Chamber  
  54  4:03  Spore Crawler  
  54  4:04  Drone  
  54  4:05  Drone  
  55  4:12  Drone x2  
  55  4:16  Spore Crawler, Drone  
  55  4:17  Drone  
  58  4:23  Drone x4  
  61  4:26  Zerg Melee Weapons Level 1  
  61  4:30  Queen  
  63  4:33  Overlord  
  63  4:39  Baneling Nest  
  63  4:42  Overlord x2  
  61  4:48  Zergling x2  
  61  4:49  Zergling x8, Extractor  
  65  4:57  Drone x4  
  69  5:01  Zergling x12  
  75  5:12  Drone x2, Hatchery  
  76  5:15  Drone  
  76  5:16  Extractor  
  76  5:17  Lair  
  76  5:23  Zergling x10  
  81  5:31  Drone x7  
  88  5:40  Drone  
  89  5:43  Overlord x2  
  89  5:52  Overlord  
  88  5:57  Drone  
  88  5:58  Drone  
  88  6:03  Hatchery  
  89  6:05  Drone  
  89  6:06  Drone x2  
  89  6:07  Hatchery  
  89  6:10  Overlord x2  
  90  6:21  Zergling x20  
  90  6:24  Zerg Melee Weapons Level 2  
  96  6:27  Drone x2  
  96  6:28  Drone  
  96  6:30  Drone  
  97  6:33  Drone x2  
  97  6:38  Drone  
  97  6:39  Drone x2  
  102  6:44  Overlord  
  102  6:46  Zergling x2  
  102  6:47  Zergling x2  
  104  6:51  Overseer  
  104  6:54  Zergling x10  
  107  6:59  Zergling x6  
  107  7:00  Zergling x2  
  107  7:04  Zergling x2  
  107  7:06  Centrifugal Hooks, Roach Warren  
  107  7:09  Zergling x2, Drone  
  107  7:10  Zergling x6  
  107  7:12  Evolution Chamber  
  111  7:15  Zergling x2  
  111  7:16  Zergling x8  
  111  7:20  Zergling x4  
  111  7:21  Zergling x8  
  122  7:23  Spore Crawler, Drone  
  122  7:24  Drone  
  122  7:25  Drone x2  
  125  7:34  Zergling x2  
  125  7:35  Zergling x12  
  132  7:39  Zergling x12  
  132  7:43  Zerg Ground Armor Level 1  
  135  7:50  Zergling x2  
  135  7:51  Zergling x16  
  140  7:58  Zergling x18  
  142  8:03  Drone x5  
  148  8:11  Glial Reconstitution  
  148  8:16  Roach x3, Overlord  
  148  8:17  Overlord x3  
  154  8:20  Overlord x2  
  147  8:27  Overlord x2  
  147  8:31  Overlord  
  146  8:35  Overlord x2  
  146  8:37  Zergling x6, Roach x4  
  157  8:44  Zerg Missile Weapons Level 1  
  157  8:48  Drone x2  
  159  8:50  Zergling x20  
  166  8:58  Roach x6  
  166  8:59  Baneling x4  
  178  9:05  Zergling x14  
  183  9:13  Zergling x12  
  183  9:14  Zergling x8  
  183  9:32  Roach x9  
  183  9:36  Baneling x9  
  183  9:37  Baneling x12  
  199  9:48  Extractor  
  199  9:49  Drone x2  
  199  9:50  Extractor x2  
  192  10:01  Zergling x2  
  192  10:02  Zergling x26  
  183  10:09  Zergling x2  
  183  10:10  Zergling x30  
  171  10:17  Zergling x20  
  168  10:21  Zergling x2  
  168  10:22  Zergling x6  
  168  10:24  Baneling x5  
  172  10:31  Zergling x10, Drone  
  172  10:34  Baneling x13  
  172  10:35  Baneling  
  178  10:37  Zergling x8  
  182  10:45  Zergling x14  
  188  10:51  Baneling x7  
  188  10:52  Zergling x8  
  192  11:00  Zergling x10  
  193  11:09  Zergling x12  
  189  11:18  Zergling x12  
  168  11:25  Baneling x19  
  145  11:26  Zergling x14  
  145  11:31  Zergling x4  
  148  11:38  Zergling x14  
  145  11:43  Zergling x2  
  145  11:44  Zergling x6  
  148  11:53  Roach x5  
  156  11:59  Hatchery  
  156  12:00  Roach x3  
  161  12:04  Roach x5  
  171  12:11  Zergling x10  
  176  12:20  Zergling x20  
  175  12:26  Zergling x2  
  175  12:27  Zergling x4  
  164  12:31  Zergling x16  
  164  12:39  Zergling x6  
  164  12:42  Spire  
  156  12:45  Zergling x14  
  152  12:52  Zergling x16  
  152  12:56  Queen x2  
  151  12:58  Queen  
  151  12:59  Queen  
  151  13:02  Zergling x20  
  155  13:08  Zerg Missile Weapons Level 2  
  155  13:11  Infestation Pit  
  148  13:18  Drone x6  
  148  13:19  Spore Crawler  
  150  13:20  Spore Crawler  
  150  13:22  Spore Crawler  
  146  13:33  Drone x10  
  153  13:47  Baneling x4  
  148  13:51  Zerg Ground Armor Level 2  
  147  13:56  Zergling x34  
  147  13:57  Zergling x8  
  147  13:58  Ravager x2  
  147  13:59  Ravager x2  
  172  14:09  Zergling x22  
  181  14:10  Baneling x3  
  181  14:11  Baneling  
  181  14:17  Zergling x16  
  178  14:27  Roach x7  
  181  14:33  Zergling x2, Roach x5  
  176  14:47  Zergling x2, Roach  
  176  14:48  Zergling x12, Roach x2  
  161  14:59  Zergling x2, Drone  
  153  15:03  Roach x14  
  174  15:10  Zergling x16  
  164  15:15  Zergling x6  
  164  15:21  Zergling x4, Drone  
  154  15:26  Zergling x10, Drone  
  154  15:31  Zergling x4  
  148  15:35  Pathogen Glands  
  147  15:48  Ravager x15  
  158  15:58  Queen x2  
  168  16:09  Zergling x12  
  168  16:17  Zergling x6  
Show
View Real Time Build Order
Export as new Build Order

Creator Protoss - Winner!

Build Orders: 1 Gate Expand, Oracle Opening, Carriers 

Get SALT Encoding   

  12  0:00  Probe  
  13  0:12  Probe  
  14  0:20  Pylon  
  14  0:24  Probe  
  15  0:38  Probe (Chrono Boost)  
  15  0:40  Gateway  
  16  0:48  Assimilator  
  16  0:49  Probe (Chrono Boost)  
  17  0:54  Probe (Chrono Boost)  
  18  1:04  Probe  
  19  1:16  Probe  
  20  1:25  Nexus  
  20  1:36  Cybernetics Core  
  20  1:37  Probe  
  21  1:46  Assimilator  
  21  1:49  Probe  
  21  1:53  Pylon  
  22  2:01  Probe  
  23  2:09  Adept (Chrono Boost)  
  23  2:14  Probe  
  26  2:18  Stargate  
  26  2:26  Probe  
  27  2:32  Stalker  
  29  2:37  Warp Gate  
  29  2:38  Probe x2 (Chrono Boost)  
  31  2:48  Probe x2 (Chrono Boost)  
  33  2:53  Probe x2 (Chrono Boost)  
  35  3:01  Oracle (Chrono Boost)  
  35  3:04  Probe x2  
  40  3:15  Pylon  
  40  3:16  Probe x2  
  42  3:26  Gateway  
  42  3:28  Probe  
  42  3:29  Probe  
  42  3:34  Oracle  
  47  3:39  Adept  
  47  3:40  Probe  
  47  3:41  Probe  
  51  3:42  Pylon  
  51  3:56  Probe  
  51  3:57  Nexus, Probe  
  53  4:02  Pylon  
  53  4:08  Probe  
  53  4:09  Probe  
  55  4:14  Oracle  
  58  4:20  Probe  
  58  4:21  Probe  
  60  4:24  Assimilator  
  60  4:25  Assimilator  
  60  4:26  Pylon  
  60  4:27  Adept  
  62  4:33  Probe x2  
  62  4:35  Twilight Council  
  62  4:37  Forge  
  64  4:42  Pylon  
  64  4:45  Probe x2 (Chrono Boost)  
  66  4:56  Probe x2 (Chrono Boost)  
  68  5:01  Probe (Chrono Boost)  
  68  5:02  Probe (Chrono Boost)  
  68  5:05  Sentry  
  68  5:06  Gateway  
  68  5:07  Protoss Ground Weapons Level 1, Gateway  
  72  5:08  Shield Battery  
  72  5:09  Probe (Chrono Boost)  
  72  5:10  Blink (Chrono Boost)  
  74  5:17  Probe (Chrono Boost)  
  74  5:18  Probe (Chrono Boost)  
  74  5:19  Probe (Chrono Boost)  
  76  5:27  Probe x3  
  79  5:31  Stalker x2  
  83  5:38  Pylon  
  83  5:40  Pylon  
  83  5:42  Gateway  
  83  5:43  Gateway  
  83  5:54  Stalker x2  
  87  6:01  Probe x3  
  87  6:04  Photon Cannon  
  87  6:05  Photon Cannon  
  87  6:08  Sentry, Assimilator, Stalker  
  91  6:15  Probe  
  91  6:16  Probe  
  91  6:17  Gateway, Stalker x2  
  97  6:18  Gateway  
  97  6:19  Probe  
  98  6:33  Nexus  
  98  6:36  Pylon  
  98  6:41  Robotics Facility, Probe x3  
  98  6:44  Stalker x3  
  98  6:45  Stalker  
  109  6:49  Pylon  
  108  6:56  Stalker x2  
  108  6:59  Probe x2  
  108  7:00  Probe  
  115  7:04  Charge  
  115  7:05  Pylon  
  115  7:06  Nexus  
  115  7:14  Gateway, Pylon  
  115  7:17  Gateway  
  115  7:18  Photon Cannon  
  115  7:19  Photon Cannon  
  115  7:24  Shield Battery, Probe x3  
  115  7:26  Protoss Ground Weapons Level 2 (Chrono Boost)  
  115  7:28  Stalker x2  
  122  7:36  Probe  
  121  7:39  Warp Prism (Chrono Boost)  
  121  7:42  Templar Archives  
  123  7:46  Stalker  
  123  7:47  Stalker  
  125  7:56  Stalker x4  
  133  8:00  Probe x3  
  136  8:09  Photon Cannon  
  136  8:12  Probe x3  
  139  8:18  High Templar  
  139  8:19  High Templar  
  143  8:21  Assimilator  
  143  8:22  Archon, Assimilator  
  143  8:25  Immortal (Chrono Boost)  
  143  8:28  High Templar x2  
  143  8:33  Archon  
  151  8:37  Photon Cannon  
  151  8:38  Nexus  
  151  8:39  Pylon  
  151  8:42  Gateway  
  151  8:43  Gateway  
  151  8:44  Pylon  
  151  8:49  High Templar x2  
  151  8:55  Immortal  
  155  8:58  Archon  
  159  9:08  Pylon  
  158  9:11  High Templar x2, Pylon x2  
  158  9:13  Pylon  
  162  9:17  Pylon  
  162  9:18  Archon  
  162  9:19  Nexus  
  162  9:22  Zealot x7  
  162  9:23  Zealot  
  172  9:34  Immortal  
  172  9:35  Photon Cannon  
  176  9:40  Fleet Beacon  
  176  9:41  Stargate  
  176  9:44  Pylon  
  176  10:05  Zealot x5  
  157  10:14  Probe x4  
  157  10:19  High Templar x4  
  157  10:20  Photon Cannon  
  165  10:22  Photon Cannon  
  165  10:23  Archon  
  165  10:24  Archon  
  165  10:25  Carrier (Chrono Boost)  
  165  10:26  Probe (Chrono Boost)  
  166  10:36  Probe (Chrono Boost)  
  166  10:40  Assimilator  
  166  10:41  Probe x2 (Chrono Boost)  
  168  10:43  Carrier (Chrono Boost)  
  168  10:44  Probe (Chrono Boost)  
  168  10:49  Probe (Chrono Boost)  
  174  10:51  Probe x4 (Chrono Boost), Assimilator  
  174  10:55  Assimilator  
  174  10:56  Stargate  
  179  11:02  Probe  
  179  11:04  Zealot x2  
  182  11:06  Zealot x3  
  182  11:10  Zealot x4  
  187  11:11  Photon Cannon  
  187  11:15  Protoss Air Weapons Level 1  
  161  11:21  Carrier (Chrono Boost)  
  157  11:27  Zealot x8  
  170  11:33  Probe x4  
  170  11:38  Carrier (Chrono Boost)  
  174  11:40  High Templar  
  174  11:41  Photon Cannon, High Templar  
  174  11:44  Shield Battery  
  174  11:46  Stalker  
  175  11:47  Archon  
  171  11:55  Carrier (Chrono Boost)  
  171  11:58  Probe (Chrono Boost)  
  171  11:59  Probe (Chrono Boost)  
  182  12:03  Probe x3 (Chrono Boost)  
  182  12:06  Photon Cannon  
  182  12:11  Protoss Ground Weapons Level 3 (Chrono Boost)  
  182  12:20  Zealot x6  
  163  12:31  High Templar x2  
  163  12:33  Zealot x6  
  167  12:39  Archon  
  167  12:41  Probe  
  167  12:42  Probe x3  
  167  12:43  Probe  
  171  12:46  Pylon  
  158  12:52  Carrier  
  153  12:59  Carrier  
  153  13:03  Shield Battery  
  159  13:06  Probe x5  
  159  13:08  Stalker  
  159  13:09  Stalker x2  
  169  13:17  Zealot x3  
  175  13:26  High Templar x2  
  171  13:30  Archon  
  171  13:31  Photon Cannon  
  171  13:33  Photon Cannon  
  171  13:37  High Templar x2  
  175  13:42  Archon  
  175  13:43  Zealot  
  175  13:44  Zealot  
  175  13:45  Stalker x2  
  183  13:58  Probe  
  183  13:59  Probe x4  
  183  14:01  High Templar  
  183  14:02  High Templar  
  192  14:08  Shield Battery, Archon  
  192  14:10  Shield Battery, Probe  
  192  14:12  Sentry, Photon Cannon  
  192  14:13  Stalker  
  178  14:37  Stalker x6  
  183  14:39  Pylon  
  183  14:42  Zealot  
  173  14:57  Zealot  
  167  15:01  Zealot x6  
  156  15:20  High Templar x4  
  156  15:21  Zealot x4  
  159  15:26  Archon x2  
  162  15:37  Zealot x4  
  170  15:50  High Templar  
  170  15:51  Stalker x2, High Templar  
  170  15:55  Archon  
  178  15:57  Zealot x3  
  178  15:59  Zealot  
  180  16:06  Zealot  
  179  16:17  Zealot x3  
Tags
 
Add a new tag
Caveats
  • Supply blocks, unpowered buildings, or Contaminate may cause inaccurate times.
  • Supply counts are checked every 10 seconds.